 Dungeon Crawl Stone Soup version 0.31.0-9-g3a7656b989 (webtiles) character file.

Game seed: 846547131508594548

3754 Snapcaster the Covert (level 9, -8/44 HPs)
             Began as a Spriggan Enchanter on Jan 24, 2024.
             Mangled by a two-headed ogre
             ... wielding a +0 giant club
              (16 damage)
             ... on level 8 of the Dungeon.
             The game lasted 00:13:27 (7461 turns).

Snapcaster the Covert (Spriggan Enchanter)          Turns: 7461, Time: 00:13:28

Health: -8/44      AC:  3    Str:  4    XL:     9   Next: 93%
Magic:  10/17      EV: 11    Int: 21    God:
Gold:   394        SH:  0    Dex: 15    Spells: 12/17 levels left

rFire   . . .        f - +2 short sword (venom)
rCold   . . .        m - orb {guile}
rNeg    . . .        b - +0 robe
rPois   .            (helmet restricted)
rElec   .            l - +0 cloak
rCorr   .            (gloves unavailable)
SInv    +            (boots unavailable)
Will    .....        (no amulet)
Stlth   +++++        (no ring)
HPRegen 0.27/turn    (no ring)
MPRegen 0.15/turn

%: no passive effects
@: held, invisible, very quick
A: very small, no large weapons, unfitting armour, see invisible, speed 3
a: no special abilities


You were on level 8 of the Dungeon.
You visited 2 branches of the dungeon, and saw 9 of its levels.

You collected 394 gold pieces.

Inventory:

Hand Weapons
 a - a +1 dagger
 d - a +1 dagger of venom
 f - a +2 short sword of venom (weapon)
 t - a +0 rapier
Missiles
 h - 2 throwing nets
Armour
 b - a +0 robe (worn)
 l - a +0 cloak (worn)
 m - an orb of guile (worn)
 o - +0 pearl dragon scales
Jewellery
 y - the ring "Yzxeho" {rElec Int+6}
   (You found it on level 7 of the Dungeon)

   [ring of intelligence]

   Int+6:     It affects your intelligence (+6).
   rElec:     It insulates you from electricity.
 L - a ring of flight
Wands
 q - a wand of light (8)
 r - a wand of iceblast (7)
 s - a wand of flame (26)
 u - a wand of mindburst (19)
Scrolls
 e - 2 scrolls of immolation {unknown}
 g - a scroll of vulnerability {unknown}
 k - 7 scrolls of identify {unknown}
 p - a scroll of revelation {unknown}
 w - a scroll of torment {unknown}
Potions
 c - 2 potions of invisibility
 i - a potion of curing
 j - 3 potions of attraction
 n - 2 potions of haste {unknown}
 v - a potion of brilliance {unknown}
 x - a potion of lignification {unknown}
 z - a potion of resistance {unknown}
 A - a potion of cancellation {unknown}


   Skills:
 + Level 3.5 Fighting
 - Level 8.0 Short Blades
 - Level 8.0 Dodging
 - Level 12.0 Stealth
 + Level 4.8 Spellcasting
 - Level 8.0 Hexes


You had 12 spell levels left.
You knew the following spells:

 Your Spells              Type           Power      Damage    Failure   Level
c - Confusing Touch       Hex            38%        N/A       1%          3
e - Ensorcelled Hibernat  Hex/Ice        42%        N/A       3%          2

Your spell library contained the following spells:

 Spells                   Type           Power      Damage    Failure   Level
 Tukima's Dance           Hex            38%        N/A       1%          3
 Dazzling Flash           Conj/Hex       42%        N/A       6%          3
 Inner Flame              Hex/Fire       21%        N/A       6%          3
 Blink                    Tloc           10%        N/A       17%         2
 Call Imp                 Summ           10%        N/A       17%         2
 Cigotuvi's Dreadful Rot  Necr/Alch/Air  10%        N/A       17%         2
 Lesser Beckoning         Tloc           10%        N/A       17%         2
 Momentum Strike          Conj/Tloc      10%        3d8       17%         2
 Sublimation of Blood     Necr           5%         N/A       17%         2
 Ozocubu's Armour         Ice            5%         N/A       32%         3
 Volatile Blastmotes      Fire/Tloc      10%        2d10      32%         3
 Metabolic Englaciation   Hex/Ice        10%        N/A       52%         5
 Fulminant Prism          Conj/Alch      2%         3d5       73%         4
 Ignite Poison            Fire/Alch      5%         N/A       73%         4
 Iskenderun's Mystic Bla  Conj/Tloc      5%         2d3       73%         4
 Freezing Cloud           Conj/Ice/Air   2%         6-21      97%         5
 Irradiate                Conj/Alch      2%         3d12      97%         5
 Sculpt Simulacrum        Ice/Alch       2%         N/A       100%        6
 Summon Hydra             Summ           2%         N/A       100%        7
 Ignition                 Fire           2%         3d3       100%        8


Dungeon Overview and Level Annotations

Branches:
Dungeon (8/15) Zot: 24876  Temple (1/1) D:6 Zot: 5985
   Lair: D:8-11

Altars:
Ashenzari
Cheibriados
Dithmenos
Elyvilon
Fedhas
Hepliaklqana
Kikubaaqudgha
Makhleb
Nemelex Xobeh
Qazlal
Ru
Trog
Wu Jian
Yredelemnul
Zin
The Shining One

Annotations:
D:7 3 runed translucent doors, Shym's ghost, novice MiFi


Innate Abilities, Weirdness & Mutations

You are very small and have problems with some larger weapons.
You are too small for most types of armour.
You have supernaturally acute eyesight. (SInv)
You cover ground extremely quickly. (Speed+++)


Message History

The gnoll is moderately wounded.
The gnoll looks drowsy...
A two-headed ogre comes into view.
It is wielding a +0 giant club and a +0 giant spiked club.
The gnoll throws a stone.
The stone barely misses you.
The helpless gnoll fails to defend itself.
You stick the gnoll like a pincushion!!!
You kill the gnoll!
The gnoll hits you with a +0 flail!
You take 13 damage, and have 31/44 hp.
The gnoll looks drowsy...
A gnoll comes into view. It is wielding a +0 halberd.
The helpless gnoll fails to defend itself.
You stick the gnoll like a pincushion!!!
You kill the gnoll!
The gnoll shouts!
You hear a shout!
The gnoll looks drowsy...
The gnoll throws a throwing net.
The throwing net hits you.
You become entangled in the net!
A gnoll comes into view. It is wielding a +0 whip.
An orc warrior comes into view. It is wielding a +0 long sword.
You are held in a net!
You struggle against the net.
Unknown command.
You tear a large gash into the net.
A gnoll bouda comes into view. It is wielding a +0 whip. x2
You struggle against the net.
The sky beast hits you but does no damage.
The two-headed ogre hits you with a +0 giant club!
The two-headed ogre hits you with a +0 giant spiked club.
An orc priest comes into view. It is wielding a +0 club.
The gnoll shouts!
You take 13 damage, and have 19/44 hp.
Unknown command.
You fade into invisibility!
The orc priest shouts!
The gnoll bouda shouts!
You hear a shout!
The gnoll hits you with a +0 whip. The sky beast barely misses you.
The gnoll hits you with a +0 flail!
* * * LOW HITPOINT WARNING * * *
A gnoll comes into view.
It is wielding a +0 whip and quivering a throwing net.
The two-headed ogre hits you with a +0 giant club!
You die...

......g## ......
.....g..##......
..o...........#
#.............
#...g.g.......
#...o.......>.
#...gY........
#...)@g...)...
#/..)O.......#
...............+
####.....#######
........
.....g....
...........
......######


You could see a two-headed ogre (unable to see you), an orc warrior (unable to
see you), a sky beast (unable to see you), 2 gnoll boudas, an orc priest
(wandering, unable to see you) and 5 gnolls.

Vanquished Creatures
  Maurice (D:7)
  Eustachio (D:4)
  A water moccasin (D:4)
  An orc warrior (D:7)
  3 ice beasts
  2 sky beasts
  2 black bears
  2 ogres
  4 centaurs
  2 phantoms
  A kobold brigand (D:6)
  A bullfrog (D:7)
  A gnoll sergeant (D:5)
  2 scorpions
  5 wights (D:6)
  5 killer bees (D:7)
  2 bombardier beetles
  5 hounds
  A jelly (D:4)
  2 orc priests
  Crazy Yiuf (D:6)
  A gnoll bouda (D:4)
  A sleepcap (D:4)
  4 iguanas
  4 orc wizards
  16 gnolls
  10 adders
  A white imp (D:5)
  4 ufetubi (D:6)
  3 dart slugs
  2 ribbon worms
  14 orcs
  5 endoplasms
  A giant cockroach (D:1)
  4 goblins
  7 hobgoblins
  3 jackals (D:1)
  13 kobolds
  3 quokkas
  4 ball pythons
  8 bats
  3 frilled lizards
  9 rats
  A butterfly (D:6)
166 creatures vanquished.

Notes
Turn   | Place    | Note
-------+----------+-------------------------------------------
     0 | D:1      | Snapcaster the Spriggan Enchanter began the quest for the
                  | Orb.
     0 | D:1      | Reached XP level 1. HP: 9/9 MP: 5/5
   120 | D:1      | Reached skill level 5 in Stealth
   120 | D:1      | Reached XP level 2. HP: 11/13 MP: 6/6
   386 | D:1      | Found a faded altar of an unknown god.
  1068 | D:1      | Reached XP level 3. HP: 16/16 MP: 8/8
  1132 | D:1      | Learned a level 2 spell: Ensorcelled Hibernation
  1395 | D:2      | Reached skill level 6 in Stealth
  1968 | D:3      | Reached XP level 4. HP: 21/21 MP: 2/9
  2074 | D:3      | Found a broken altar of Ashenzari.
  2567 | D:3      | Learned a level 3 spell: Confusing Touch
  2653 | D:4      | Reached skill level 7 in Stealth
  2653 | D:4      | Reached XP level 5. HP: 11/24 MP: 1/10
  2976 | D:4      | Reached skill level 8 in Stealth
  3102 | D:4      | Reached XP level 6. HP: 28/28 MP: 6/11
  3317 | D:4      | Noticed a water moccasin
  3345 | D:4      | Killed a water moccasin
  3346 | D:4      | Reached skill level 5 in Short Blades
  3563 | D:4      | Noticed Eustachio
  3570 | D:4      | Reached skill level 5 in Hexes
  3582 | D:4      | Killed Eustachio
  3583 | D:4      | Reached XP level 7. HP: 32/32 MP: 11/14
  4027 | D:5      | Entered Level 5 of the Dungeon
  4503 | D:5      | Reached skill level 1 in Fighting
  4503 | D:5      | Reached XP level 8. HP: 28/37 MP: 12/15
  4503 | D:5      | You fall into a shaft and drop 3 floors!
  4655 | D:6      | Reached skill level 5 in Dodging
  5276 | D:6      | Reached XP level 9. HP: 36/43 MP: 13/16
  5334 | D:6      | Found a staircase to the Ecumenical Temple.
  5358 | D:6      | Found a bloodstained altar of Trog.
  5393 | D:6      | Reached skill level 9 in Stealth
  5718 | D:6      | Found a burning altar of Makhleb.
  5818 | D:6      | Found a runed translucent door.
  5819 | D:6      | Noticed Crazy Yiuf
  5826 | D:6      | Killed Crazy Yiuf
  5886 | Temple   | Entered the Ecumenical Temple
  6126 | D:5      | Reached skill level 10 in Stealth
  6557 | D:5      | Found a shadowy altar of Dithmenos.
  6945 | D:7      | Reached skill level 11 in Stealth
  7075 | D:7      | Identified the ring "Yzxeho" {rElec Int+6}
  7109 | D:7      | Found a runed translucent gate.
  7109 | D:7      | Found a runed translucent gate.
  7109 | D:7      | Found a runed translucent gate.
  7110 | D:7      | Noticed Shym's ghost (novice MiFi)
  7117 | D:7      | Noticed Maurice
  7123 | D:7      | Killed Maurice
  7124 | D:7      | Reached skill level 12 in Stealth
  7186 | D:7      | Found a sparkling altar of Nemelex Xobeh.
  7194 | D:7      | Found an ancient bone altar of Kikubaaqudgha.
  7453 | D:8      | Noticed a two-headed ogre
  7461 | D:8      | Mangled by a two-headed ogre

Illustrated notes

Levels and vault maps discovered:
D:1:      erik_arrival_cave_to_civilisation [erik_arrival_cave_to_hall],
          layout_basic, shapermc_ecumenical_altar_starsandcircs,
          nicolae_figureground_pulse
D:2:      layout_basic
D:3:      layout_basic, mainiacjoe_overflow_cross_hatched, minmay_starry_boxes
D:4:      layout_loops_corners, uniq_eustachio
D:5:      layout_loops_ring, lemuel_crystal_altar, grunt_ministairs_4
D:6:      cheibrodos_helix_gallery, layout_rooms, makhleb_blood_cavern_becter,
          trog_three_pillars_becter, minmay_temple_entry_butterflies,
          dk_rats_in_the_wall, uniq_crazy_yiuf_cottage
D:7:      layout_rooms, mainiacjoe_overflow_big_doors,
          ebering_ghost_rock_garden, minmay_misc_feat_cross, uniq_maurice
D:8:      layout_basic, grunt_gozag_statues, nrook_loot_triangle, uniq_joseph
Temple:   nicolae_temple_bog_church

Skill      XL: |  1  2  3  4  5  6  7  8  9 |
---------------+----------------------------+-----
Stealth        | 5 6 7 8 12 | 12.0
Short Blades   | 2 3 4 5 8 |  8.0
Spellcasting   | 4 |  4.8
Hexes          | 6 8 |  8.0
Fighting       | 1 3 |  3.5
Dodging        | 3 8 |  8.0

Action                     |  1- 3 |  4- 6 |  7- 9 || total
---------------------------+-------+-------+-------++-------
  Melee: Dagger            |    57 |       |       ||    57
         Short sword       |    44 |    48 |   223 ||   315
  Throw: Throwing net      |     1 |       |     1 ||     2
   Cast: Ensorcelled Hiber |     8 |    28 |    75 ||   111
         Confusing Touch   |       |       |    17 ||    17
  Evoke: Wand              |       |       |     1 ||     1
    Use: Potion            |       |     2 |     2 ||     4
   Stab: Sleeping          |    13 |    26 |    60 ||    99
         Distracted        |     1 |       |     1 ||     2
         Confused          |       |       |    15 ||    15
         Invisible         |       |       |     1 ||     1
         Held in net/web   |       |       |     1 ||     1
 Armour: Robe              |    28 |    27 |    84 ||   139
  Dodge: Dodged            |    74 |    48 |   228 ||   350
